 Dungeon Crawl Stone Soup version 0.31.0-9-g3a7656b989 (webtiles) character file.

Game seed: 12433999634335763082

8357 qw the Skirmisher (level 11, -5/55 HPs)
             Began as a Spriggan Hunter on Feb 2, 2024.
             Was an Elder of Okawaru.
             Slain by a basilisk (17 damage)
             ... on level 10 of the Dungeon.
             The game lasted 00:00:45 (8360 turns).

qw the Skirmisher (Spriggan Hunter)                 Turns: 8360, Time: 00:00:46

Health: -5/55      AC:  7    Str: 11 (13) XL:     11   Next: 8%
Magic:  15/15      EV: 24    Int: 11      God:    Okawaru [****..]
Gold:   607        SH:  0    Dex: 22 (23) Spells: 10/10 levels left

rFire   . . .        f - +1 orcbow (chaos)
rCold   . . .        (shield currently unavailable)
rNeg    . . .        k - +0 swamp dragon scales
rPois   +            (helmet restricted)
rElec   +            s - scarf {repulsion}
rCorr   .            (gloves unavailable)
SInv    +            (boots unavailable)
Will    +....        b - amulet of regeneration
Stlth   ++           d - +4 ring of slaying {mikee}
HPRegen 1.89/turn    q - +6 ring of strength
MPRegen 0.14/turn

%: repel missiles
@: very quick
A: very small, no large weapons, unfitting armour, see invisible, speed 3,
deterioration 1, regeneration 1, electricity resistance
a: Renounce Religion, Heroism, Finesse


You were on level 10 of the Dungeon.
You worshipped Okawaru.
Okawaru was greatly pleased with you.
You visited 2 branches of the dungeon, and saw 11 of its levels.

You collected 607 gold pieces.


Innate Abilities, Weirdness & Mutations

You are very small and have problems with some larger weapons.
You are too small for most types of armour.
You have supernaturally acute eyesight. (SInv)
You cover ground extremely quickly. (Speed+++)
Your body sometimes deteriorates upon taking damage.
Your natural rate of healing is unusually fast.
You are resistant to electric shocks. (rElec)


   Skills:
 - Level 5.1 Fighting
 - Level 13.0 Ranged Weapons
 - Level 2.0 Armour
 + Level 11.6 Dodging
 - Level 1.5 Stealth
 + Level 4.6 Invocations


You had 10 spell levels left.
You didn't know any spells.
Your spell library was empty.

Inventory:

Hand Weapons
 f - a +1 orcbow of chaos (weapon)
Armour
 k - +0 swamp dragon scales (worn)
 p - a +1 cloak
 s - a scarf of repulsion (worn)
Jewellery
 b - an amulet of regeneration (around neck)
 d - a +4 ring of slaying (left hand) {mikee}
 q - a +6 ring of strength (right hand)
Wands
 a - a wand of charming (10)
 c - a wand of digging (6)
 m - a wand of mindburst (3)
 n - a wand of roots (17)
Scrolls
 e - a scroll of acquirement {unknown}
 h - 4 scrolls of teleportation
Potions
 g - a potion of enlightenment
 i - a potion of might
 j - 6 potions of heal wounds
 l - a potion of cancellation {unknown}
 o - 3 potions of curing

Dungeon Overview and Level Annotations

Branches:
Dungeon (10/15)            Temple (1/1) D:6
   Lair: D:8-11         Orc: D:9-12

Altars:
Ashenzari
Cheibriados
Dithmenos
Elyvilon
Fedhas
Gozag
Hepliaklqana
Kikubaaqudgha
Makhleb
Nemelex Xobeh
Okawaru
Qazlal
Ru
Sif Muna
Trog
Uskayaw
Wu Jian
Xom
Yredelemnul
Zin
The Shining One

Annotations:
D:6 1 runed translucent door, Crazy Yiuf


Message History

The basilisk bites you but does no damage.
A basilisk is nearby!
The basilisk completely misses you.
A basilisk is nearby!
The basilisk completely misses you. x2
A basilisk is nearby!
The basilisk misses you.
A basilisk is nearby!
The basilisk misses you. The basilisk bites you!!
A basilisk is nearby!
The basilisk misses you.
A basilisk is nearby!
The basilisk closely misses you. The basilisk bites you!
A basilisk is nearby!
The basilisk bites you but does no damage.
A basilisk is nearby!
The basilisk closely misses you. The basilisk completely misses you.
A basilisk is nearby!
The basilisk completely misses you.
A basilisk is nearby!
The basilisk bites you. The basilisk closely misses you.
A basilisk is nearby!
The basilisk completely misses you.
A basilisk is nearby!
The basilisk bites you!
Your body deteriorates!
You feel clumsy. The basilisk closely misses you.
A basilisk is nearby!
The basilisk barely misses you.
A basilisk is nearby!
The basilisk barely misses you. The basilisk misses you.
A basilisk is nearby!
The basilisk completely misses you.
A basilisk is nearby!
The basilisk closely misses you. The basilisk bites you!
A basilisk is nearby!
The basilisk completely misses you.
A basilisk is nearby!
The basilisk bites you!
You die...

#...............
#...............
#..####.........
#.. #.......## #.
#.......# #.
#.......#
#..####.......##
#...............
#.....@..########
#......l.#.......
#.######.#.......
# #.'.......
#.#.......
#)#.......
#.#.......
#.#.......
.l########


You could see a neutral basilisk (fast, strong, frenzied).

Vanquished Creatures
  A two-headed ogre (D:9)
  Amaemon (D:10)
  An unseen horror zombie (D:7)
  Maggie (D:7)
  Jeremiah (D:9)
  A hornet (D:9)
  2 shadows (D:9)
  A steam dragon (D:9)
  14 yaks
  Menkaure (D:5)
  Edmund (D:5)
  An acid dragon (D:9)
  An ice beast (D:7)
  A black bear (D:7)
  A boggart (D:8)
  3 orc warriors
  3 ogres (D:5)
  3 centaurs
  2 phantoms
  2 kobold brigands
  3 bullfrogs
  A scorpion (D:5)
  3 necrophages (D:7)
  4 wights
  6 killer bees
  4 howler monkeys (D:8)
  A bombardier beetle (D:4)
  A centaur zombie (D:7)
  4 hounds
  A human zombie (D:7)
  7 orc priests
  2 sleepcaps
  A gnoll bouda (D:9)
  4 iguanas
  8 orc wizards
  A killer bee zombie (D:7)
  3 mummies (D:7)
  A howler monkey zombie (D:7)
  9 adders
  7 gnolls
  2 ufetubi (D:6)
  6 dart slugs
  2 ribbon worms (D:2)
  44 orcs
  8 endoplasms
  3 giant cockroaches
  4 goblins
  3 hobgoblins
  2 jackals (D:3)
  8 quokkas
  4 ball pythons
  5 bats
  2 frilled lizards (D:1)
  19 kobolds
  4 rats
229 creatures vanquished.

Notes
Turn   | Place    | Note
-------+----------+-------------------------------------------
     0 | D:1      | qw the Spriggan Hunter began the quest for the Orb.
     0 | D:1      | Reached XP level 1. HP: 10/10 MP: 2/2
     0 | D:1      | 0 ||| qw: Version: 0.3-a-155-g5e7d8dd
     0 | D:1      | 0 ||| qw: Game counter: 2724
     0 | D:1      | 0 ||| qw: Melee chars always use a shield: true
     0 | D:1      | 0 ||| qw: God list: Okawaru
     0 | D:1      | 0 ||| qw: Allow faded altars: false
     0 | D:1      | 0 ||| qw: Do Orc after clearing Dungeon:15 true
     0 | D:1      | 0 ||| qw: Do second Lair branch before Depths: true
     0 | D:1      | 0 ||| qw: Lair rune preference: random
     0 | D:1      | 0 ||| qw: Goals: Normal
     0 | D:1      | 0 ||| PLANNING D:1-11
    49 | D:1      | Reached skill level 3 in Dodging
   142 | D:1      | Reached XP level 2. HP: 14/14 MP: 3/3
   389 | D:1      | Reached XP level 3. HP: 18/18 MP: 4/4
   872 | D:1      | 872 ||| READING scroll labelled CASINNUJAGH.
   873 | D:1      | 873 ||| READING scroll labelled SIOBRU ZEGUVI.
   874 | D:1      | 874 ||| READING scroll labelled HYOMASEOREC.
   875 | D:1      | 875 ||| DRINKING 2 fuming purple potions.
   875 | D:1      | Gained mutation: You occasionally lose the ability to read
                  | scrolls when taking damage. [potion of mutation]
   875 | D:1      | Gained mutation: Your body sometimes deteriorates upon
                  | taking damage. [potion of mutation]
   875 | D:1      | Gained mutation: Your natural rate of healing is unusually
                  | fast. [potion of mutation]
   876 | D:1      | 876 ||| DRINKING potion of mutation.
   876 | D:1      | Lost mutation: Your natural rate of healing is unusually
                  | fast. [potion of mutation]
   876 | D:1      | Lost mutation: You occasionally lose the ability to read
                  | scrolls when taking damage. [potion of mutation]
   876 | D:1      | Gained mutation: You are resistant to electric shocks.
                  | (rElec) [potion of mutation]
   876 | D:1      | Gained mutation: Your natural rate of healing is unusually
                  | fast. [potion of mutation]
   877 | D:1      | 877 ||| DROPPING scroll of butterflies.
  1030 | D:2      | 1030 ||| READING scroll labelled YTYVIG UVIAJUA.
  1124 | D:2      | Reached skill level 5 in Ranged Weapons
  1129 | D:2      | Found a faded altar of an unknown god.
  1226 | D:2      | 1226 ||| DRINKING 2 bubbling inky potions.
  1227 | D:2      | 1227 ||| DRINKING 2 pink potions.
  1228 | D:2      | 1228 ||| DROPPING potion of degeneration.
  1236 | D:2      | Reached XP level 4. HP: 22/22 MP: 5/5
  1768 | D:2      | 1768 ||| DROPPING ring of magical power.
  1769 | D:2      | 1769 ||| READING scroll labelled DUFERUH DODWYS.
  1769 | D:2      | 1769 ||| ENCHANTING +0 shortbow.
  1878 | D:3      | HP: 5/23 [orc/+0 trident (3)]
  1879 | D:3      | 1879 ||| DRINKING 2 potions of heal wounds.
  1886 | D:3      | Reached XP level 5. HP: 21/26 MP: 6/6
  1934 | D:3      | Found an ancient bone altar of Kikubaaqudgha.
  2021 | D:3      | 2021 ||| UPGRADING to +4 ring of slaying {mikee}.
  2047 | D:3      | 2047 ||| SWAPPING to +0 orcbow.
  2048 | D:3      | 2048 ||| DROPPING +0 shortbow.
  2265 | D:3      | Found a hazy altar of Hepliaklqana.
  2433 | D:3      | 2433 ||| READING scroll labelled KAFIFIUMIF.
  2437 | D:3      | 2437 ||| READING scroll labelled TOWKYA MADOMN.
  2593 | D:4      | Reached skill level 6 in Ranged Weapons
  2610 | D:4      | Reached XP level 6. HP: 30/30 MP: 7/7
  2750 | D:4      | Reached skill level 6 in Dodging
  3021 | D:4      | Found a burning altar of Makhleb.
  3031 | D:4      | Noticed an Executioner
  3035 | D:4      | Noticed an orange demon
  3035 | D:4      | Noticed an orange demon
  3036 | D:4      | 3036 ||| READING scroll labelled UNGORI PACIU.
  3036 | D:4      | 3036 ||| BRANDING +0 orcbow.
  3086 | D:5      | Entered Level 5 of the Dungeon
  3231 | D:5      | Reached skill level 7 in Ranged Weapons
  3231 | D:5      | Reached XP level 7. HP: 35/35 MP: 8/8
  3341 | D:5      | Reached skill level 8 in Ranged Weapons
  3407 | D:5      | Noticed Menkaure
  3409 | D:5      | Killed Menkaure
  3410 | D:5      | Reached skill level 3 in Fighting
  3410 | D:5      | Reached XP level 8. HP: 23/40 MP: 9/9
  3773 | D:5      | Noticed Edmund
  3784 | D:5      | Killed Edmund
  4048 | D:5      | 4048 ||| UPGRADING to +0 cloak.
  4053 | D:5      | 4053 ||| READING scroll labelled COIN XIEHI.
  4053 | D:5      | 4053 ||| ENCHANTING +0 orcbow of chaos.
  4054 | D:5      | 4054 ||| DRINKING 2 murky dark potions.
  4055 | D:5      | 4055 ||| DROPPING potion of invisibility.
  4096 | D:6      | Found a staircase to the Ecumenical Temple.
  4097 | D:6      | 4097 ||| PLANNING TEMPLE
  4097 | D:6      | 4097 ||| READING scroll labelled MOOCEL KOET.
  4102 | Temple   | Entered the Ecumenical Temple
  4103 | Temple   | 4103 ||| PLANNING OKAWARU WORSHIP
  4118 | Temple   | Became a worshipper of Warmaster Okawaru
  4119 | Temple   | 4119 ||| PLANNING D:1-11
  4210 | D:6      | 4210 ||| FLEEEEING.
  4211 | D:6      | 4211 ||| FLEEEEING.
  4212 | D:6      | 4212 ||| FLEEEEING.
  4213 | D:6      | 4213 ||| FLEEEEING.
  4214 | D:6      | 4214 ||| FLEEEEING.
  4215 | D:6      | 4215 ||| FLEEEEING.
  4216 | D:6      | 4216 ||| FLEEEEING.
  4217 | D:6      | 4217 ||| FLEEEEING.
  4218 | D:6      | 4218 ||| FLEEEEING.
  4622 | D:6      | Reached skill level 9 in Ranged Weapons
  5044 | D:6      | Found a runed translucent door.
  5045 | D:6      | Noticed Crazy Yiuf
  5280 | D:6      | 5280 ||| READING scroll labelled DODURY USMASE.
  5280 | D:6      | 5280 ||| IDENTIFYING bubbling coppery potion
  5281 | D:6      | 5281 ||| READING scroll labelled YXKYEMOHIR.
  5299 | D:6      | 5299 ||| DRINKING 2 inky potions.
  5300 | D:6      | 5300 ||| DRINKING 2 fizzy grey potions.
  5301 | D:6      | 5301 ||| DROPPING potion of berserk rage.
  5302 | D:6      | 5302 ||| DROPPING potion of brilliance.
  5374 | D:7      | Found an opulent altar of Gozag.
  5374 | D:7      | Found an opulent altar of Gozag.
  5379 | D:7      | Found an opulent altar of Gozag.
  5396 | D:7      | Found an opulent altar of Gozag.
  5407 | D:7      | 5407 ||| READING scroll of enchant armour.
  5407 | D:7      | 5407 ||| ENCHANTING +0 cloak.
  5421 | D:7      | Reached skill level 9 in Dodging
  5422 | D:7      | Noticed Maggie
  5432 | D:7      | Killed Maggie
  5432 | D:7      | Reached * piety under Okawaru
  5457 | D:7      | Reached skill level 1 in Invocations
  5457 | D:7      | Reached XP level 9. HP: 44/44 MP: 10/10
  5591 | D:7      | 5591 ||| INVOKING Heroism.
  5682 | D:7      | Identified the +1 ring mail of Valour {Int+4}
  5716 | D:7      | Reached skill level 10 in Ranged Weapons
  5792 | D:7      | 5792 ||| INVOKING Heroism.
  5799 | D:7      | Reached skill level 3 in Invocations
  5943 | D:7      | 5943 ||| INVOKING Heroism.
  5969 | D:7      | Found a basalt altar of Yredelemnul.
  6155 | D:7      | 6155 ||| UPGRADING to +0 swamp dragon scales.
  6165 | D:7      | 6165 ||| DROPPING +0 robe.
  6166 | D:7      | 6166 ||| READING scroll labelled REESKO ZIAT.
  6228 | D:8      | Reached skill level 1 in Armour
  6232 | D:8      | 6232 ||| RETREEEEATING.
  6235 | D:8      | 6235 ||| RETREEEEATING.
  6236 | D:8      | 6236 ||| INVOKING Heroism.
  6238 | D:8      | 6238 ||| RETREEEEATING.
  6241 | D:8      | 6241 ||| RETREEEEATING.
  6242 | D:8      | 6242 ||| RETREEEEATING.
  6243 | D:8      | 6243 ||| RETREEEEATING.
  6244 | D:8      | 6244 ||| RETREEEEATING.
  6245 | D:8      | 6245 ||| RETREEEEATING.
  6246 | D:8      | 6246 ||| RETREEEEATING.
  6247 | D:8      | 6247 ||| RETREEEEATING.
  6248 | D:8      | 6248 ||| RETREEEEATING.
  6249 | D:8      | 6249 ||| RETREEEEATING.
  6252 | D:8      | 6252 ||| RETREEEEATING.
  6253 | D:8      | 6253 ||| RETREEEEATING.
  6254 | D:8      | 6254 ||| RETREEEEATING.
  6255 | D:8      | 6255 ||| RETREEEEATING.
  6259 | D:8      | 6259 ||| RETREEEEATING.
  6268 | D:8      | 6268 ||| RETREEEEATING.
  6269 | D:8      | 6269 ||| RETREEEEATING.
  6270 | D:8      | 6270 ||| RETREEEEATING.
  6271 | D:8      | 6271 ||| RETREEEEATING.
  6272 | D:8      | 6272 ||| RETREEEEATING.
  6275 | D:8      | 6275 ||| RETREEEEATING.
  6277 | D:8      | 6277 ||| RETREEEEATING.
  6280 | D:8      | 6280 ||| RETREEEEATING.
  6281 | D:8      | Reached ** piety under Okawaru
  6285 | D:8      | 6285 ||| FLEEEEING.
  6286 | D:8      | 6286 ||| RETREEEEATING.
  6292 | D:8      | Reached skill level 11 in Ranged Weapons
  6292 | D:8      | Reached XP level 10. HP: 28/49 MP: 14/14
  6500 | D:8      | Found a glowing silver altar of Zin.
  6780 | D:8      | 6780 ||| INVOKING Heroism.
  7086 | D:8      | Found a sparkling altar of Nemelex Xobeh.
  7263 | D:8      | 7263 ||| READING 2 scrolls of identify.
  7263 | D:8      | 7263 ||| IDENTIFYING glowing black potion
  7264 | D:8      | 7264 ||| READING scroll of identify.
  7264 | D:8      | 7264 ||| IDENTIFYING cyan potion
  7265 | D:8      | 7265 ||| DROPPING potion of ambrosia.
  7337 | D:9      | Noticed a two-headed ogre
  7338 | D:9      | 7338 ||| INVOKING Heroism.
  7344 | D:9      | Killed a two-headed ogre
  7345 | D:9      | Reached skill level 12 in Ranged Weapons
  7441 | D:9      | 7441 ||| INVOKING Heroism.
  7521 | D:9      | Reached *** piety under Okawaru
  7554 | D:9      | Noticed Jeremiah
  7571 | D:9      | Killed Jeremiah
  7809 | D:9      | 7809 ||| DROPPING +0 shortbow of flaming.
  7817 | D:9      | 7817 ||| RETREEEEATING.
  8076 | D:9      | Found a shadowy altar of Dithmenos.
  8085 | D:9      | Reached skill level 13 in Ranged Weapons
  8125 | D:9      | 8125 ||| UPGRADING to scarf of repulsion.
  8135 | D:9      | 8135 ||| UPGRADING to amulet of regeneration.
  8140 | D:9      | 8140 ||| DROPPING amulet of guardian spirit.
  8141 | D:9      | 8141 ||| UPGRADING to +6 ring of strength.
  8142 | D:9      | 8142 ||| READING scroll of identify.
  8142 | D:9      | 8142 ||| IDENTIFYING emerald potion
  8185 | D:10     | Entered Level 10 of the Dungeon
  8202 | D:10     | 8202 ||| RETREEEEATING.
  8203 | D:10     | Reached **** piety under Okawaru
  8206 | D:10     | 8206 ||| RETREEEEATING.
  8207 | D:10     | 8207 ||| RETREEEEATING.
  8209 | D:10     | 8209 ||| RETREEEEATING.
  8214 | D:10     | 8214 ||| RETREEEEATING.
  8229 | D:10     | 8229 ||| INVOKING Finesse.
  8232 | D:10     | Reached XP level 11. HP: 55/55 MP: 9/15
  8304 | D:10     | Noticed Amaemon
  8305 | D:10     | 8305 ||| INVOKING Finesse.
  8306 | D:10     | 8306 ||| INVOKING Finesse.
  8307 | D:10     | 8307 ||| INVOKING Finesse.
  8326 | D:10     | HP: 9/55 [Amaemon/+1 demon whip of venom (7)]
  8327 | D:10     | Killed Amaemon
  8331 | D:10     | 8331 ||| FLEEEEING.
  8332 | D:10     | 8332 ||| FLEEEEING.
  8333 | D:10     | 8333 ||| FLEEEEING.
  8335 | D:10     | 8335 ||| FLEEEEING.
  8358 | D:10     | HP: 9/55 [basilisk (16)]
  8360 | D:10     | Slain by a basilisk

Levels and vault maps discovered:
D:1:      amcnicky_arrival_wind_blow, layout_basic
D:2:      layout_basic, dreamdust_ecumenical_altar_grove,
          serial_co_window_serial, co_window_paths_a, co_window_corner_a,
          co_window_corner_a, co_window_paths_a, co_window_corner_a,
          co_window_corner_b, co_window_paths_c, co_window_broadway_a,
          co_window_broadway_a, co_window_4corner_a, glass_columns_b,
          glass_columns_c, glass_columns_a, nicolae_twisty_statue_hallways
D:3:      layout_basic, mainiacjoe_overflow_six_doors_small,
          mainiacjoe_overflow_brackets
D:4:      layout_rooms, makhleb_altar_promises_db
D:5:      layout_loops_corners, grunt_decor_junction, uniq_menkaure, uniq_edmund
D:6:      layout_loops_corners, temple_statues, kennysheep_nondescript,
          serial_library_hellmonk_semicircle, dk_vineyard_3, grunt_ministairs_6,
          uniq_crazy_yiuf_cottage
D:7:      layout_loops_cross, nicolae_gozag_conspicuous_consumption,
          lemuel_mausoleum_altar_yredelemnul, uniq_maggie
D:8:      layout_layer_cave, nemelex_spade_bored_becter, zin_treasury
D:9:      layout_small_grid, grunt_dithmenos_shadows, uniq_jeremiah
D:10:     layout_stronghold, mainiacjoe_overflow_alcove_1, david_lair_shrubbed,
          uniq_amaemon
Temple:   oiseaux_autumnal_temple

Skill      XL: |  1  2  3  4  5  6  7  8  9 10 |
---------------+-------------------------------+-----
Dodging        | 3 4 5 6 7 9 10 11 | 11.6
Ranged Weapons | 5 6 7 8 9 11 13 | 13.0
Fighting       | 2 3 4 5 |  5.1
Invocations    | 1 4 |  4.6
Armour         | 1 2 |  2.0
Stealth        | |  1.5

Action                     |  1- 3 |  4- 6 |  7- 9 | 10-12 || total
---------------------------+-------+-------+-------+-------++-------
   Fire: Shortbow          |    87 |   113 |       |       ||   200
         Orcbow            |       |    58 |   244 |   177 ||   479
 Invoke: Heroism           |       |       |     4 |     3 ||     7
         Finesse           |       |       |       |     2 ||     2
    Use: Scroll            |     4 |     4 |     6 |     3 ||    17
         Potion            |     4 |     1 |     3 |       ||     8
 Armour: Robe              |     6 |    23 |    13 |       ||    42
         Swamp dragon scal |       |       |     8 |    41 ||    49
  Dodge: Dodged            |    12 |    53 |    94 |   149 ||   308

Table legend:
 A = Non-vault XP
 B = Vault XP
 C = Vault XP percentage of total XP
 D = Non-vault monster count
 E = Vault monster count
 F = Vault count percentage of total count
                 A         B        C        D         E       F
            +---------+---------+-------+---------+---------+-------
      Total |    8934 |    3005 |  25.2 |     203 |      25 |  11.0
            +---------+---------+-------+---------+---------+-------
        D:1 |      51 |       0 |   0.0 |      27 |       0 |   0.0
        D:2 |      60 |       0 |   0.0 |      23 |       0 |   0.0
        D:3 |     165 |       0 |   0.0 |      21 |       0 |   0.0
        D:4 |     290 |       0 |   0.0 |      14 |       0 |   0.0
        D:5 |     879 |     343 |  28.1 |      20 |       2 |   9.1
        D:6 |     431 |      69 |  13.8 |      11 |       7 |  38.9
        D:7 |     726 |    1283 |  63.9 |      15 |      13 |  46.4
        D:8 |    2557 |       0 |   0.0 |      36 |       0 |   0.0
        D:9 |    2534 |     584 |  18.7 |      30 |       2 |   6.2
       D:10 |    1241 |     726 |  36.9 |       6 |       1 |  14.3
            +---------+---------+-------+---------+---------+-------
